 Dungeon Crawl Stone Soup version 0.18-a0-1726-g399342b (webtiles) character file.

37 zxpr0jk the Poker (level 3, -11/30 HPs)
             Began as a Draconian Gladiator on Mar 22, 2016.
             Killed from afar by Ijyb (13 damage)
             ... with a wand of acid
             ... on level 3 of the Dungeon.
             The game lasted 00:02:08 (1125 turns).

zxpr0jk the Poker (Draconian Gladiator)             Turns: 1125, Time: 00:02:09

Health: -11/30     AC:  5    Str: 17    XL:     3   Next: 23%
Magic:  3/3        EV: 12    Int:  8    God:
Gold:   41         SH:  0    Dex: 12    Spells: 0 memorised, 2 levels left

rFire  . . .     SeeInvis .     f - +0 dagger (elec)
rCold  . . .     Gourm    .     (armour unavailable)
rNeg   . . .     Faith    .     (no shield)
rPois  .         Spirit   .     b - +0 hat
rElec  .         Dismiss  .     (no cloak)
rCorr  .         Reflect  .     (no gloves)
SustAt .         Harm     .     (no boots)
MR     .....                    (no amulet)
Stlth  +.........               (no ring)
                                (no ring)

@: not resistant to hostile enchantments, very unstealthy
A: unfitting armour, cold-blooded, AC +5
a: no special abilities


You were on level 3 of the Dungeon.
You were hungry.

You visited 1 branch of the dungeon, and saw 3 of its levels.

You collected 41 gold pieces.

Inventory:

Hand Weapons
 a - a +0 trident
 f - a +0 dagger of electrocution (weapon)
Missiles
 c - a throwing net (quivered)
Armour
 b - a +0 hat (worn)
Scrolls
 e - 6 scrolls of identify {unknown}
 g - a scroll of teleportation {unknown}
 i - a scroll of noise {unknown}
Potions
 j - a potion of curing {unknown}
 l - a potion of cure mutation {unknown}
Comestibles
 d - a bread ration
 h - a beef jerky
 k - a meat ration


   Skills:
 + Level 2.9 Fighting
 * Level 2.1 Short Blades
 - Level 3.1 Polearms
 - Level 1.7 Throwing
 - Level 2.6 Dodging


You had 2 spell levels left.
You didn't know any spells.

Dungeon Overview and Level Annotations

Branches:
Dungeon (3/15)

Altars:
Ru

Annotations:
D:3 Ijyb


Innate Abilities, Weirdness & Mutations

Your plain brown scales are hard (AC +5).
Your body does not fit into most forms of armour.
You are cold-blooded and may be slowed by cold attacks.


Message History

You hit the bat.
You kill the bat!
Ijyb zaps a wand.
The bolt of acid hits you!
The acid burns!
Ouch! That really hurt!
* * * LOW HITPOINT WARNING * * *
It is a wand of acid.
You are too injured to fight recklessly!
You are too injured to fight recklessly!
You are too injured to fight recklessly!
You are too injured to fight recklessly!
Throwing (i - inventory):
c - 3 throwing nets (quivered)
Press: ? - help, Shift-Dir - straight line, f - Ijyb
Aim: Ijyb, carrying a wand of acid {zapped: 1} (unusually strong)
You throw a throwing net. The throwing net barely misses Ijyb.
Throwing (i - inventory):
c - 2 throwing nets (quivered)
Press: ? - help, Shift-Dir - straight line, f/p - Ijyb
Aim: Ijyb, carrying a wand of acid {zapped: 1} (unusually strong)
You throw a throwing net. The throwing net closely misses Ijyb.
Ijyb zaps a wand.
The bolt of acid hits you!
You die...

####### #.<...#
#########.###.#
(.....g@...%#
###.#####.#.#
#..... ###.###
.# #


You could see Ijyb.

Vanquished Creatures
  2 worms (D:2)
  2 dart slugs (D:2)
  A ball python (D:2)
  4 goblins
  7 hobgoblins
  2 kobolds (D:2)
  5 bats
  4 rats (D:2)
27 creatures vanquished.

Notes
Turn   | Place    | Note
--------------------------------------------------------------
     0 | D:1      | zxpr0jk the Draconian Gladiator began the quest for the Orb.
     0 | D:1      | Reached XP level 1. HP: 17/17 MP: 1/1
   178 | D:1      | Reached skill level 1 in Short Blades
   178 | D:1      | Reached XP level 2. HP: 18/25 MP: 2/2
   308 | D:1      | You fall through a shaft!
   336 | D:2      | Found a sacrificial altar of Ru.
   347 | D:2      | HP: 1/25 [worm (8)]
   790 | D:2      | Reached XP level 3. HP: 20/30 MP: 3/3
  1117 | D:3      | Noticed Ijyb
  1125 | D:3      | Killed from afar by Ijyb

Vault maps used:
D:1:      dpeg_arrival_windows_large_door
D:2:      nicolae_ru_sacrificial_ziggurat
D:3:      ecumenical_altar_2, uniq_iyjb, uniq_grinder

Skill      XL: |  1  2  3 |
---------------+----------+-----
Short Blades   | 1 2 |  2.1
Fighting       | |  2.9
Polearms       | |  3.1
Throwing       | |  1.7
Dodging        | |  2.6

Action                   || total
-------------------------++-------
Melee: Dagger            ||    80
       Trident           ||     6
Throw: Throwing net      ||     3
 Stab: Sleeping          ||     2
       Held in net/web   ||     1
